 Dungeon Crawl Stone Soup version 0.14-a0-1007-gacdcbbe (webtiles) character file.

7331 PolkaDot the Conjurer (level 10, -2/59 (63) HPs)
             Began as a Vampire Conjurer on Nov 22, 2013.
             Was a Priest of Vehumet.
             Slain by a six-headed hydra (12 damage)
             ... on Level 12 of the Dungeon.
             The game lasted 01:27:46 (12291 turns).

PolkaDot the Conjurer (Vampire Conjurer)           Turns: 12291, Time: 01:28:00

HP  -2/59 (63)   AC  3     Str  7      XL: 10   Next: 80%
MP  12/30        EV 12     Int 20      God: Vehumet [***...]
Gold 390         SH  0     Dex 14      Spells:  6 memorised,  2 levels left

Res.Fire  : . . .   See Invis. : +   v - staff of energy
Res.Cold  : . . .   Warding    : .   q - +0 robe {MR+}
Life Prot.: . . .   Conserve   : .   (no shield)
Res.Poison: +       Res.Corr.  : .   (no helmet)
Res.Elec. : .       Clarity    : .   a - +0 cloak {rPois}
Sust.Abil.: . .     Spirit.Shd : .   (no gloves)
Res.Mut.  : .       Stasis     : .   (no boots)
Res.Rott. : .       Flight     : .   (no amulet)
Saprovore : . . .                    (no ring)
                                     g - ring of magical power

@: regenerating quickly, quite resistant to hostile enchantments, stealthy
A: bottle blood, fangs 3, hooves 1, see invisible, unbreathing
a: Bottle Blood, Renounce Religion


You were on level 12 of the Dungeon.
You worshipped Vehumet.
Vehumet was most pleased with you.
You were full.

You visited 1 branch of the dungeon, and saw 12 of its levels.
You visited the Abyss 1 time.
You also visited: Sewer.

You collected 454 gold pieces.
You spent 64 gold pieces at shops.

Inventory:

Armour
 a - a +0 cloak of poison resistance (worn)
 q - a +0 robe of magic resistance (worn)
Magical devices
 w - a wand of enslavement (9)
 A - a wand of digging (8) {unknown}
Scrolls
 b - 2 scrolls of recharging
 d - a scroll of curse jewellery
 f - a scroll of immolation {unknown}
 h - 2 scrolls of teleportation
 j - 5 scrolls of amnesia
 m - a scroll of enchant weapon I
 o - 2 scrolls of enchant weapon II
 r - 7 scrolls of identify
 t - a scroll of noise
 u - a scroll of fog
 x - a scroll of vulnerability
 y - 2 scrolls of remove curse
 C - a scroll of enchant weapon III {unknown}
Jewellery
 g - a ring of magical power (left hand)
Potions
 e - 3 potions of resistance
 i - 4 potions of curing
 k - 3 potions of restore abilities
 l - a potion of brilliance
 p - 3 potions of agility
 s - 2 potions of flight
Books
 c - a book of Conjurations

   Spells                             Type                      Level
   *Magic Dart                        Conjuration                  1
   *Searing Ray                       Conjuration                  2
   Dazzling Spray                     Conjuration/Hexes            3
   *Iskenderun's Mystic Blast         Conjuration                  4
   *Iskenderun's Battlesphere         Conjuration/Charms           4
   Fulminant Prism                    Conjuration/Hexes            5
 n - a book of Wizardry

   Spells                             Type                      Level
   Summon Elemental                   Summoning                    4
   Agony                              Necromancy                   5
   Force Lance                        Conjuration                  5
   Fireball                           Conjuration/Fire             5
   Haste                              Charms                       6
   Invisibility                       Hexes                        6
Magical staves
 v - an uncursed staff of energy (weapon)


   Skills:
 - Level 2.3 Dodging
 - Level 3.3 Stealth
 - Level 4.2 Spellcasting
 * Level 9.7 Conjurations
 + Level 9.6 Charms
 + Level 5.5 Air Magic


You had 2 spell levels left.
You knew the following spells:

 Your Spells              Type           Power        Failure   Level  Hunger
a - Shock                 Conj/Air       ####         1%          1    None
c - Mephitic Cloud        Conj/Pois/Air  ###.....     1%          3    None
d - Iskenderun's Mystic   Conj           #####...     1%          4    None
s - Searing Ray           Conj           #####.       1%          2    None
x - Iskenderun's Battles  Conj/Chrm      #####...     1%          4    None
z - Magic Dart            Conj           ####         1%          1    None


Dungeon Overview and Level Annotations

Branches:
Dungeon (12/16) Temple (0/1) D:6 D:7 Lair (0/8) D:8 Orc: D:9-12

Altars:
Cheibriados
Vehumet
Yredelemnul
the Shining One

Shops:
D:7 !   D:10 *

Annotations:
D:12 Psyche


Innate Abilities, Weirdness & Mutations

Your natural rate of healing is unusually fast.
You can bottle blood from corpses.
You have razor-sharp teeth.*
You have supernaturally acute eyesight.
You can survive without breathing.*
You have large cloven feet.*


Message History

The barrage of energy hits Harold.
Harold is almost dead.
Casting: Iskenderun's Mystic Blast
Confirm with . or Enter, or press ? or * to list all spells.
Aiming: Iskenderun's Mystic Blast
Press: ? - help, Shift-Dir - straight line, f/p - Harold
Aim: Harold, wielding a dwarven hand axe of freezing and wearing a ring mail (almost dead)
The orb of energy hits Harold.
Harold is almost dead.
The orb of energy explodes!
Your battlesphere fires!
The barrage of energy hits Harold.
You kill Harold!
Vehumet accepts your kill. The six-headed hydra barely misses you.
The six-headed hydra bites you! The six-headed hydra bites you!
* * * LOW HITPOINT WARNING * * *
The six-headed hydra bites you but does no damage.
The six-headed hydra bites you!
You die...

.............................
.............................
............................
...........................
........*.............../.
............§§...........
............§§...........
................[.........
........D@.)..............
........############...###
....... #...# ....... #...#
......D #...# ...>.. #...#
..... #...# .... #...# .
#...#


You could see a six-headed hydra.

Vanquished Creatures
  Harold (D:12)
  Urug (D:10)
  Erolcha (D:9)
  Maurice (D:10)
  A two-headed ogre (D:9)
  A shadow (D:11)
  Grum (D:9)
  A hungry ghost (D:11)
  A hill giant skeleton (D:8)
  4 wolves (D:9)
  A manticore (D:10)
  A sky beast (D:7)
  5 ogres
  A phantom (D:8)
  3 centaurs
  3 orc warriors
  2 big kobolds
  A gnoll sergeant (D:9)
  A wyvern skeleton (D:7)
  6 giant frogs
  6 wights (D:10)
  2 crimson imps
  A goliath beetle (D:6)
  2 hounds
  4 jellies
  6 orc priests
  4 iguanas
  2 scorpions
  7 worker ants
  8 orc wizards
  A crocodile skeleton (D:9)
  A mummy (D:8)
  8 gnolls
  A green rat (Sewer)
  9 adders
  5 giant mites
  2 inept item mimics
  2 worms
  An adder skeleton (D:7)
  19 grey rats
  A giant eyeball (D:8)
  7 giant geckos
  An ooze (Sewer)
  29 orcs
  6 ball pythons
  A bat skeleton (D:4)
  A bat zombie (D:5)
  10 giant cockroaches
  16 hobgoblins
  7 jackals
  34 kobolds
  7 quokkas
  7 bats
  4 giant newts
  14 goblins
  A goblin zombie (D:3)
  A hobgoblin skeleton (D:7)
  19 rats
294 creatures vanquished.

Notes
Turn   | Place    | Note
--------------------------------------------------------------
     0 | D:1      | PolkaDot, the Vampire Conjurer, began the quest for the Orb.
     0 | D:1      | Reached XP level 1. HP: 13/13 MP: 4/4
   342 | D:1      | Reached XP level 2. HP: 19/19 MP: 5/5
   479 | D:1      | Found a glowing golden altar of the Shining One.
   795 | D:1      | Learned a level 2 spell: Searing Ray
  1186 | D:2      | Reached XP level 3. HP: 16/24 MP: 4/6
  1790 | D:2      | Somebody: Hi.
  1790 | D:2      | Somebody: I see you are not around.
  1790 | D:2      | Somebody: I'll drop by later, then.
  1790 | D:2      | Upgraded the game from 0.14-a0-987-gc8002fa to 0.14-a0-1007-gacdcbbe
  2089 | D:3      | Reached skill level 4 in Conjurations
  2139 | D:3      | Reached XP level 4. HP: 30/30 MP: 6/8
  3056 | D:3      | Reached XP level 5. HP: 35/35 MP: 7/10
  3451 | D:4      | Learned a level 4 spell: Iskenderun's Battlesphere
  3487 | D:4      | Found a glowing drain.
  3490 | D:4      | Got a ripped robe
  3518 | Sewer    | Entered a sewer
  3625 | Sewer    | Identified the +2 robe of Ohoing {Str-3 Int-3} (You found it on level 4 of the Dungeon)
  3914 | Sewer    | Reached skill level 5 in Conjurations
  3914 | Sewer    | Reached skill level 1 in Charms
  3914 | Sewer    | Reached XP level 6. HP: 25/41 MP: 10/12
  5519 | D:5      | Entered Level 5 of the Dungeon
  5620 | D:4      | Reached XP level 7. HP: 32/46 MP: 15/15
  5669 | D:5      | Learned a level 4 spell: Iskenderun's Mystic Blast
  6405 | D:5      | Found a radiant altar of Vehumet.
  6405 | D:5      | Found a basalt altar of Yredelemnul.
  6408 | D:5      | Became a worshipper of Vehumet
  6554 | D:5      | Cast into the Abyss (a distortion unwield)
  6574 | Abyss:1  | Noticed a starcursed mass
  6591 | Abyss:1  | Noticed a chaos spawn
  6631 | Abyss:2  | Found a burning altar of Makhleb.
  6680 | Abyss:2  | Noticed a komodo dragon
  6727 | D:5      | Escaped the Abyss
  7086 | D:6      | Reached skill level 6 in Conjurations
  7428 | D:6      | Found a staircase to the Ecumenical Temple.
  7806 | D:7      | Found Beerphoa's Distillery.
  7811 | D:7      | Reached XP level 8. HP: 52/52 MP: 18/18
  7832 | D:7      | Acquired Vehumet's first power
  7832 | D:7      | Offered knowledge of Sting by Vehumet.
  7976 | D:7      | Found a snail-covered altar of Cheibriados.
  8129 | D:7      | Reached skill level 5 in Charms
  8235 | D:7      | Found a staircase to the Ecumenical Temple.
  8859 | D:7      | Reached skill level 7 in Charms
  9016 | D:8      | Offered knowledge of Shock by Vehumet.
  9077 | D:8      | Reached XP level 9. HP: 53/53 MP: 3/20
  9505 | D:8      | Learned a level 1 spell: Shock
  9591 | D:8      | Reached skill level 1 in Air Magic
  9980 | D:8      | Paralysed by a giant eyeball for 3 turns
 10011 | D:8      | Found a staircase to the Lair.
 10174 | D:9      | Reached skill level 8 in Conjurations
 10332 | D:9      | Offered knowledge of Mephitic Cloud by Vehumet.
 10337 | D:9      | Learned a level 3 spell: Mephitic Cloud
 10522 | D:9      | Noticed Erolcha
 10527 | D:9      | Killed Erolcha
 10675 | D:9      | Noticed Grum
 10687 | D:9      | Killed Grum
 10687 | D:9      | Reached XP level 10. HP: 28/59 MP: 13/21
 10906 | D:9      | Acquired Vehumet's second power
 11134 | D:10     | Entered Level 10 of the Dungeon
 11269 | D:10     | Found Psiratsu's Assorted Antiques.
 11278 | D:10     | Bought a scroll labeled PSURUPEOMM for 32 gold pieces
 11278 | D:10     | Bought a scroll labeled NASKORR FAJE for 32 gold pieces
 11361 | D:10     | Gained mutation: You have large cloven feet. [potion of beneficial mutation]
 11431 | D:10     | Reached skill level 9 in Conjurations
 11432 | D:10     | Offered knowledge of Sticky Flame by Vehumet.
 11529 | D:10     | Noticed Urug
 11548 | D:10     | Killed Urug
 11907 | D:10     | Noticed Maurice
 11919 | D:10     | Killed Maurice
 12049 | D:11     | Reached skill level 5 in Air Magic
 12210 | D:11     | You fall through a shaft!
 12210 | D:12     | Noticed Harold
 12250 | D:12     | Noticed Psyche
 12282 | D:12     | Noticed a six-headed hydra
 12291 | D:12     | Killed Harold
 12291 | D:12     | Slain by a six-headed hydra

Action                   |  1- 3 |  4- 6 |  7- 9 | 10-12 || total
-------------------------+-------+-------+-------+-------++-------
Melee: Whip              |    25 |    13 |     7 |       ||    45
       Unarmed           |     2 |       |       |       ||     2
 Cast: Magic Dart        |    72 |   149 |    72 |    16 ||   309
       Searing Ray       |     4 |    29 |    30 |     6 ||    69
       Iskenderun's Myst |       |       |    88 |    35 ||   123
       Iskenderun's Batt |       |       |    28 |    12 ||    40
       Shock             |       |       |     6 |     3 ||     9
       Mephitic Cloud    |       |       |       |     5 ||     5
 Abil: Bottle Blood      |       |     5 |    39 |       ||    44
       End Transformatio |       |       |     1 |       ||     1
       Bat Form          |       |       |     1 |       ||     1
Evoke: Wand              |       |     1 |     2 |       ||     3
       staff of energy   |       |       |     3 |       ||     3
  Use: Potion            |     1 |    11 |    35 |     6 ||    53
       Scroll            |       |    16 |     7 |     5 ||    28
